[ AOE2 MATCH · #495339397 ]
UnrankedTurks vs Saracens
Player's team · LOSS
Rival team · WIN
[ REPLAY ANALYSIS · EXTRACTED FROM THE RECORDED GAME ]
Feudal
8:53
Castle
20:39
Imperial
39:33
| APM avg | 77.4 |
| APM peak | 142 |
| eAPM avg | 42.4 |
| Villagers / military | 283 / 522 |
Focus
⚔️ 54.8% · 🌾 45.2%
Scout Cavalry ×195 · Janissary ×115 · Cavalry Archer ×107 · Camel Scout ×43 · Archer ×15 · Trebuchet (Packed) ×10
Feudal
8:53
Castle
19:33
Imperial
36:43
| APM avg | 91.6 |
| APM peak | 157 |
| eAPM avg | 57.6 |
| Villagers / military | 298 / 702 |
Focus
⚔️ 74.2% · 🌾 25.8%
Scout Cavalry ×280 · Mameluke ×216 · Archer ×157 · Skirmisher ×28 · Trebuchet (Packed) ×11 · Mangonel ×6
Match map
Initial resources + every placement click. Lines = walls · curves = elevation contours. ◆ gold · ⬟ stone · ● berries · ✦ relic · ◌ wall gap
Your base· Open — 5t gap
XEVER | Rivux's base· Open — 2t gap
Smoothed initial terrain · ◌ = detected wall gap · hover for details
Inputs per minute
— The Illusionist - - XEVER | Rivux
Build order — The Illusionist
First 150 of 1177 actions detected
| 0:00 | Create | Villager (Male) |
| 0:00 | Create | Villager (Male) |
| 0:01 | Create | Villager (Male) |
| 0:02 | Build | House |
| 0:03 | Build | House |
| 0:08 | Create | Villager (Male) |
| 0:08 | Create | Villager (Male) |
| 1:33 | Create | Villager (Male) |
| 1:34 | Create | Villager (Male) |
| 1:51 | Create | Villager (Male) |
| 1:52 | Create | Villager (Male) |
| 2:18 | Build | Lumber Camp |
| 2:29 | Create | Villager (Male) |
| 2:32 | Create | Villager (Male) |
| 2:32 | Create | Villager (Male) |
| 2:40 | Create | Villager (Male) |
| 3:26 | Create | Villager (Male) |
| 3:27 | Create | Villager (Male) |
| 4:00 | Build | House |
| 4:10 | Create | Villager (Male) |
| 4:10 | Create | Villager (Male) |
| 4:10 | Create | Villager (Male) |
| 4:13 | Create | Villager (Male) |
| 4:13 | Create | Villager (Male) |
| 4:13 | Create | Villager (Male) |
| 4:44 | Create | Villager (Male) |
| 4:49 | Build | Barracks |
| 5:01 | Create | Villager (Male) |
| 5:01 | Create | Villager (Male) |
| 5:22 | Create | Villager (Male) |
| 5:22 | Research | Loom |
| 5:27 | Create | Villager (Male) |
| 6:10 | Research | Loom |
| 6:25 | Build | Mining Camp |
| 6:43 | Research | Feudal Age |
| 6:43 | Research | Feudal Age |
| 6:48 | Create | Militia |
| 6:48 | Create | Militia |
| 7:02 | Build | House |
| 7:06 | Build | House |
| 7:08 | Build | House |
| 7:14 | Create | Militia |
| 7:14 | Create | Militia |
| 7:15 | Create | Militia |
| 7:42 | Create | Militia |
| 7:43 | Create | Militia |
| 7:57 | Build | Mill |
| 8:14 | Build | House |
| 8:48 | Build | Palisade Wall |
| 8:53 | Age | Feudal Age |
| 8:57 | Research | Man-at-Arms (upgrade) |
| 8:57 | Create | Villager (Male) |
| 9:11 | Build | Archery Range |
| 9:16 | Research | Double-Bit Axe |
| 9:16 | Research | Double-Bit Axe |
| 9:28 | Create | Villager (Male) |
| 9:28 | Create | Villager (Male) |
| 9:46 | Create | Villager (Male) |
| 10:14 | Create | Archer |
| 10:16 | Create | Villager (Male) |
| 10:25 | Create | Archer |
| 10:40 | Create | Villager (Male) |
| 10:45 | Create | Spearman |
| 11:05 | Create | Villager (Male) |
| 11:08 | Build | Farm |
| 11:09 | Build | Farm |
| 11:26 | Create | Villager (Male) |
| 11:27 | Create | Archer |
| 11:37 | Build | Blacksmith |
| 12:01 | Create | Villager (Male) |
| 12:02 | Create | Skirmisher |
| 12:10 | Build | Farm |
| 12:21 | Create | Archer |
| 12:28 | Build | House |
| 12:31 | Research | Town Watch |
| 12:32 | Research | Fletching |
| 12:40 | Create | Skirmisher |
| 12:48 | Build | House |
| 13:04 | Create | Villager (Male) |
| 13:07 | Create | Skirmisher |
| 13:09 | Build | Palisade Wall |
| 13:11 | Build | House |
| 13:13 | Create | Skirmisher |
| 13:31 | Create | Villager (Male) |
| 13:39 | Create | Villager (Male) |
| 13:41 | Create | Skirmisher |
| 13:43 | Build | House |
| 13:55 | Research | Padded Archer Armor |
| 13:58 | Build | Gate |
| 14:07 | Build | House |
| 14:26 | Create | Villager (Male) |
| 14:43 | Create | Skirmisher |
| 14:52 | Build | Farm |
| 14:53 | Build | Farm |
| 15:02 | Create | Villager (Male) |
| 15:02 | Create | Villager (Male) |
| 15:04 | Build | Farm |
| 15:13 | Build | House |
| 15:14 | Build | House |
| 15:15 | Create | Villager (Male) |
| 15:21 | Build | Farm |
| 15:32 | Create | Villager (Male) |
| 15:40 | Build | Farm |
| 15:48 | Create | Villager (Male) |
| 15:54 | Create | Skirmisher |
| 15:57 | Create | Villager (Male) |
| 16:07 | Create | Villager (Male) |
| 16:14 | Build | House |
| 16:15 | Build | House |
| 16:25 | Build | Farm |
| 16:26 | Build | Market |
| 16:37 | Create | Villager (Male) |
| 16:39 | Create | Archer |
| 17:08 | Create | Villager (Male) |
| 17:19 | Create | Skirmisher |
| 17:19 | Create | Skirmisher |
| 17:21 | Create | Archer |
| 17:52 | Build | Lumber Camp |
| 17:59 | Research | Castle Age |
| 17:59 | Research | Castle Age |
| 18:21 | Create | Archer |
| 18:36 | Build | Archery Range |
| 18:55 | Create | Archer |
| 19:02 | Build | Palisade Wall |
| 19:02 | Build | House |
| 19:03 | Build | Palisade Wall |
| 19:04 | Build | Palisade Wall |
| 19:08 | Create | Archer |
| 19:15 | Create | Archer |
| 19:37 | Create | Archer |
| 19:46 | Create | Archer |
| 20:01 | Build | Palisade Wall |
| 20:21 | Create | Archer |
| 20:39 | Age | Castle Age |
| 20:42 | Research | Crossbowman (upgrade) |
| 20:43 | Research | Crossbowman (upgrade) |
| 20:43 | Create | Villager (Male) |
| 20:49 | Build | Town Center |
| 21:04 | Build | Siege Workshop |
| 21:12 | Create | Villager (Male) |
| 21:14 | Research | Bodkin Arrow |
| 21:14 | Research | Bodkin Arrow |
| 21:37 | Create | Villager (Male) |
| 21:44 | Create | Villager (Male) |
| 21:53 | Create | Mangonel |
| 22:00 | Create | Villager (Male) |
| 22:21 | Build | House |
| 22:24 | Create | Villager (Male) |
| 22:34 | Create | Cavalry Archer |
| 22:35 | Create | Cavalry Archer |
Build order — XEVER | Rivux
First 150 of 1335 actions detected
| 0:01 | Create | Villager (Male) |
| 0:01 | Create | Villager (Male) |
| 0:01 | Create | Villager (Male) |
| 0:01 | Create | Villager (Male) |
| 0:02 | Create | Villager (Male) |
| 0:02 | Build | House |
| 0:04 | Build | House |
| 1:28 | Create | Villager (Male) |
| 1:28 | Create | Villager (Male) |
| 1:48 | Build | Lumber Camp |
| 1:50 | Create | Villager (Male) |
| 1:51 | Create | Villager (Male) |
| 2:22 | Create | Villager (Male) |
| 2:22 | Create | Villager (Male) |
| 2:46 | Create | Villager (Male) |
| 3:13 | Create | Villager (Male) |
| 3:13 | Create | Villager (Male) |
| 3:39 | Create | Villager (Male) |
| 3:42 | Create | Villager (Male) |
| 3:42 | Create | Villager (Male) |
| 3:42 | Create | Villager (Male) |
| 3:53 | Build | House |
| 4:03 | Create | Villager (Male) |
| 4:03 | Create | Villager (Male) |
| 4:25 | Build | House |
| 4:50 | Create | Villager (Male) |
| 4:59 | Build | Mill |
| 5:12 | Create | Villager (Male) |
| 5:31 | Create | Villager (Male) |
| 5:34 | Research | Loom |
| 6:39 | Build | Lumber Camp |
| 6:43 | Research | Feudal Age |
| 7:35 | Build | Mining Camp |
| 8:20 | Build | Barracks |
| 8:50 | Create | Villager (Male) |
| 8:53 | Age | Feudal Age |
| 9:10 | Build | Palisade Wall |
| 9:11 | Build | Palisade Wall |
| 9:15 | Create | Villager (Male) |
| 9:17 | Build | Archery Range |
| 9:19 | Research | Double-Bit Axe |
| 9:19 | Research | Double-Bit Axe |
| 9:21 | Create | Villager (Male) |
| 9:36 | Build | Palisade Wall |
| 9:37 | Build | Palisade Wall |
| 9:40 | Build | Palisade Wall |
| 9:45 | Create | Villager (Male) |
| 9:51 | Build | House |
| 9:52 | Create | Archer |
| 10:01 | Research | Horse Collar |
| 10:01 | Research | Horse Collar |
| 10:11 | Build | House |
| 10:18 | Create | Spearman |
| 10:29 | Create | Archer |
| 10:34 | Create | Villager (Male) |
| 10:42 | Create | Archer |
| 11:08 | Create | Villager (Male) |
| 11:08 | Create | Villager (Male) |
| 11:10 | Build | Farm |
| 11:12 | Build | House |
| 11:21 | Create | Archer |
| 11:25 | Create | Villager (Male) |
| 11:57 | Create | Villager (Male) |
| 12:00 | Build | Blacksmith |
| 12:13 | Create | Archer |
| 12:21 | Create | Villager (Male) |
| 12:23 | Build | Farm |
| 12:27 | Build | Farm |
| 12:39 | Create | Villager (Male) |
| 12:56 | Build | Farm |
| 12:58 | Research | Fletching |
| 12:58 | Create | Archer |
| 12:58 | Create | Archer |
| 13:05 | Build | Farm |
| 13:11 | Create | Villager (Male) |
| 13:11 | Create | Villager (Male) |
| 13:11 | Create | Villager (Male) |
| 13:20 | Build | Market |
| 13:25 | Research | Town Watch |
| 13:34 | Build | Farm |
| 13:41 | Create | Archer |
| 13:41 | Create | Villager (Male) |
| 13:51 | Create | Villager (Male) |
| 13:57 | Build | Watch Tower |
| 14:06 | Create | Villager (Male) |
| 14:10 | Build | Farm |
| 14:27 | Create | Villager (Male) |
| 14:44 | Create | Villager (Male) |
| 14:55 | Create | Villager (Male) |
| 14:57 | Build | Farm |
| 15:04 | Build | Farm |
| 15:23 | Build | House |
| 15:27 | Create | Archer |
| 15:53 | Create | Villager (Male) |
| 15:56 | Build | Farm |
| 16:03 | Create | Archer |
| 16:23 | Create | Archer |
| 16:25 | Build | House |
| 16:27 | Build | House |
| 16:37 | Build | Stone Wall |
| 16:53 | Research | Castle Age |
| 16:53 | Research | Castle Age |
| 16:56 | Create | Archer |
| 17:30 | Build | House |
| 17:32 | Build | House |
| 17:34 | Build | House |
| 17:47 | Create | Archer |
| 17:57 | Build | Farm |
| 17:59 | Build | Farm |
| 18:22 | Build | Archery Range |
| 18:36 | Research | Gold Mining |
| 18:36 | Research | Gold Mining |
| 19:25 | Create | Archer |
| 19:27 | Create | Archer |
| 19:33 | Age | Castle Age |
| 19:36 | Research | Bodkin Arrow |
| 19:36 | Research | Crossbowman (upgrade) |
| 19:47 | Create | Villager (Male) |
| 19:56 | Build | University |
| 20:05 | Create | Villager (Male) |
| 20:06 | Create | Archer |
| 20:06 | Create | Archer |
| 20:06 | Create | Archer |
| 20:21 | Research | Crossbowman (upgrade) |
| 20:30 | Create | Villager (Male) |
| 20:47 | Create | Villager (Male) |
| 20:50 | Build | Farm |
| 20:52 | Research | Bow Saw |
| 20:52 | Research | Bow Saw |
| 21:01 | Research | Ballistics |
| 21:01 | Research | Ballistics |
| 21:15 | Create | Villager (Male) |
| 21:17 | Create | Archer |
| 21:17 | Create | Archer |
| 21:33 | Research | Padded Archer Armor |
| 21:38 | Create | Archer |
| 21:38 | Create | Archer |
| 21:56 | Create | Villager (Male) |
| 22:03 | Create | Archer |
| 22:03 | Create | Archer |
| 22:22 | Create | Villager (Male) |
| 22:22 | Create | Villager (Male) |
| 22:23 | Create | Villager (Male) |
| 22:29 | Create | Villager (Male) |
| 22:29 | Create | Archer |
| 22:29 | Create | Archer |
| 23:00 | Create | Archer |
| 23:00 | Create | Archer |
| 23:02 | Create | Villager (Male) |
| 23:08 | Build | Siege Workshop |
Match timeline
| 4:49 | The Illusionist · first_building Barracks |
| 8:20 | XEVER | Rivux · first_building Barracks |
| 8:48 | The Illusionist · wall_segment Palisade Wall x1 |
| 8:53 | XEVER | Rivux · age_up feudal |
| 8:53 | The Illusionist · age_up feudal |
| 9:10 | XEVER | Rivux · wall_segment Palisade Wall x1 |
| 9:11 | XEVER | Rivux · wall_segment Palisade Wall x1 |
| 9:11 | The Illusionist · first_building Archery Range |
| 9:17 | XEVER | Rivux · first_building Archery Range |
| 9:36 | XEVER | Rivux · wall_segment Palisade Wall x1 |
| 9:37 | XEVER | Rivux · wall_segment Palisade Wall x1 |
| 9:40 | XEVER | Rivux · wall_segment Palisade Wall x1 |
| 13:09 | The Illusionist · wall_segment Palisade Wall x1 |
| 16:12 | XEVER | Rivux · first_market_sell 100 wood |
| 16:13 | XEVER | Rivux · first_market_buy 100 food |
| 16:37 | XEVER | Rivux · wall_segment Stone Wall x1 |
| 17:40 | The Illusionist · first_market_sell 500 stone |
| 17:42 | The Illusionist · first_market_buy 100 food |
| 19:02 | The Illusionist · wall_segment Palisade Wall x1 |
| 19:03 | The Illusionist · wall_segment Palisade Wall x3 |
| 19:04 | The Illusionist · wall_segment Palisade Wall x1 |
| 19:33 | XEVER | Rivux · age_up castle |
| 20:01 | The Illusionist · wall_segment Palisade Wall x1 |
| 20:39 | The Illusionist · age_up castle |
| 21:04 | The Illusionist · first_building Siege Workshop |
| 23:08 | XEVER | Rivux · first_building Siege Workshop |
| 26:56 | XEVER | Rivux · first_building Monastery |
| 28:02 | The Illusionist · first_building Stable |
| 33:40 | The Illusionist · first_building Castle |
| 35:58 | The Illusionist · first_building Monastery |
| 36:43 | XEVER | Rivux · age_up imperial |
| 37:02 | XEVER | Rivux · first_building Castle |
| 39:33 | The Illusionist · age_up imperial |
| 41:54 | The Illusionist · wall_segment Palisade Wall x2 |
| 46:06 | The Illusionist · wall_segment Palisade Wall x2 |
| 58:43 | XEVER | Rivux · first_building Stable |
| 66:15 | The Illusionist · wall_segment Stone Wall x6 |
| 77:45 | The Illusionist · resign |
[ AI ANALYSIS · 1 CREDIT ]
What really happened in this match?
Wolo.gg analyzes every decision: build order, eco, micro, common mistakes by bracket. Personalized analysis on WhatsApp or Discord in 30 seconds.
Civ guide
Turks
Perfil
Jugador #1389164